 Dungeon Crawl Stone Soup version 0.31.0-11-ge490571c62 (webtiles) character file.

Game seed: 202151506043387346

589 qw the Skirmisher (level 7, -2/40 HPs)
             Began as a Deep Elf Hunter on Feb 4, 2024.
             Slain by a goblin
             ... wielding a +0 club
             ... led by Robin
              (6 damage)
             ... on level 4 of the Dungeon.
             The game lasted 00:00:12 (2790 turns).

qw the Skirmisher (Deep Elf Hunter)                 Turns: 2790, Time: 00:00:13

Health: -2/40      AC:  7    Str: 10    XL:     7   Next: 15%
Magic:  9/9        EV: 11    Int: 14    God:
Gold:   296        SH:  0    Dex: 18    Spells: 6/6 levels left

rFire   . . .        a - +0 shortbow
rCold   . . .        (shield currently unavailable)
rNeg    . . .        f - +0 ring mail
rPois   .            (no helmet)
rElec   .            c - +1 cloak
rCorr   .            (no gloves)
SInv    .            (no boots)
Will    .....        (no amulet)
Stlth   +            (no ring)
HPRegen 0.26/turn    (no ring)
MPRegen 0.11/turn

%: no passive effects
@: no status effects
A: no striking features
a: no special abilities


You were on level 4 of the Dungeon.
You visited 1 branch of the dungeon, and saw 4 of its levels.

You collected 296 gold pieces.


   Skills:
 - Level 2.5 Fighting
 - Level 10.9 Ranged Weapons
 + Level 2.5 Dodging
 - Level 1.2 Stealth


You had 6 spell levels left.
You didn't know any spells.
Your spell library was empty.

Inventory:

Hand Weapons
 a - a +0 shortbow (weapon)
Armour
 c - a +1 cloak (worn)
 f - a +0 ring mail (worn)
Jewellery
 g - a ring of ice
 i - a ring of positive energy
 l - a ring of positive energy
Wands
 d - a wand of mindburst (4)
 e - a wand of flame (1)
Scrolls
 b - 5 scrolls of identify
 j - a scroll of acquirement {unknown}
Potions
 h - 3 potions of resistance {unknown}
 k - a potion of curing {unknown}

Dungeon Overview and Level Annotations

Branches:
Dungeon (4/15)
 Temple: D:4-7

Altars:
Gozag
Uskayaw
Wu Jian

Annotations:
D:4 Robin


Message History

The goblin hits you but does no damage.
You shoot an arrow.
The arrow hits the goblin but does no damage.
The hobgoblin hits you. The goblin barely misses you.
The goblin hits you with a +0 club. The goblin barely misses you.
You shoot an arrow. The arrow hits the goblin!
You kill the goblin!
The hobgoblin barely misses you. The goblin misses you.
The goblin hits you with a +0 club.
You shoot an arrow. The arrow closely misses the hobgoblin.
The arrow hits the hobgoblin but does no damage.
The goblin hits you but does no damage. The goblin hits you with a +0 club.
You shoot an arrow. The arrow hits the hobgoblin.
The hobgoblin is almost dead.
Robin says, "My army is invincible!"
The hobgoblin hits you but does no damage.
The goblin closely misses you. The goblin hits you with a +0 club.
You shoot an arrow.
The arrow hits the hobgoblin but does no damage.
The hobgoblin is almost dead.
Robin hits you but does no damage. The hobgoblin closely misses you.
The goblin hits you with a +0 club. x2
You shoot an arrow. The arrow hits the hobgoblin!
You kill the hobgoblin!
Robin throws the goblin at you! The goblin hits you with a +0 club.
The goblin hits you but does no damage.
You shoot an arrow.
The arrow hits Robin but does no damage.
Robin hits you with a +0 short sword. The hobgoblin hits you.
The goblin closely misses you. The goblin hits you but does no damage.
You shoot an arrow.
The arrow hits Robin but does no damage.
Robin hits you but does no damage.
The hobgoblin hits you but does no damage.
The goblin hits you but does no damage. The goblin barely misses you.
You shoot an arrow. The arrow hits Robin.
Robin is moderately wounded.
Robin closely misses you. The hobgoblin closely misses you.
The goblin barely misses you. The goblin hits you with a +0 club.
You die...

## ####### .. ..... # .. #...# .#
.. ...###.### ..
#.######......... ..
......ggg........... ..
#..)..g@........##.. ..
......#).)......##.# ## .....
#..####...##.# ### .... #..#
....... ..
#######..#####..##.#####
................##.#....
#######..#####..##.#....
#>....................
############.....................


You could see Robin, a hobgoblin (strong) and 2 goblins.

Vanquished Creatures
  Grinder (D:4)
  Edmund (D:4)
  A centaur (D:4)
  An ogre (D:4)
  3 adders
  3 ribbon worms
  A dart slug (D:1)
  2 orcs (D:4)
  6 endoplasms
  4 giant cockroaches
  10 goblins
  5 hobgoblins
  6 jackals
  5 kobolds
  6 quokkas
  7 ball pythons
  8 bats
  A frilled lizard (D:1)
  3 rats
74 creatures vanquished.

Notes
Turn   | Place    | Note
-------+----------+-------------------------------------------
     0 | D:1      | qw the Deep Elf Hunter began the quest for the Orb.
     0 | D:1      | Reached XP level 1. HP: 12/12 MP: 3/3
     0 | D:1      | 0 ||| qw: Version: 0.3-a-160-g6735b56
     0 | D:1      | 0 ||| qw: Game counter: 5327
     0 | D:1      | 0 ||| qw: Melee chars always use a shield: true
     0 | D:1      | 0 ||| qw: God list: Okawaru
     0 | D:1      | 0 ||| qw: Allow faded altars: false
     0 | D:1      | 0 ||| qw: Do Orc after clearing Dungeon:15 true
     0 | D:1      | 0 ||| qw: Do second Lair branch before Depths: true
     0 | D:1      | 0 ||| qw: Lair rune preference: random
     0 | D:1      | 0 ||| qw: Goals: Normal
     0 | D:1      | 0 ||| PLANNING D:1-11
   174 | D:1      | Reached XP level 2. HP: 16/16 MP: 4/4
   181 | D:1      | Reached skill level 6 in Ranged Weapons
   729 | D:1      | Reached XP level 3. HP: 20/20 MP: 5/5
   795 | D:1      | 795 ||| READING scroll labelled TIHEUXUYXUO.
   795 | D:1      | 795 ||| IDENTIFYING green potion
   796 | D:1      | 796 ||| DROPPING scroll of butterflies.
   797 | D:1      | 797 ||| DROPPING potion of lignification.
   978 | D:2      | Reached skill level 7 in Ranged Weapons
  1398 | D:2      | 1398 ||| UPGRADING to +0 ring mail.
  1408 | D:2      | 1408 ||| DROPPING +0 leather armour.
  1409 | D:2      | 1409 ||| READING scroll labelled TEIN ROLOUPOSH.
  1410 | D:2      | 1410 ||| READING scroll labelled BUMPUED COKOU.
  1411 | D:2      | 1411 ||| READING scroll labelled ZIHENA JUFRU.
  1446 | D:3      | Found an opulent altar of Gozag.
  1487 | D:3      | Found a faded altar of an unknown god.
  1512 | D:3      | Reached XP level 4. HP: 25/25 MP: 6/6
  1551 | D:3      | Found an ornate altar of the Wu Jian Council.
  1676 | D:3      | Found a hide-covered altar of Uskayaw.
  1830 | D:3      | 1830 ||| UPGRADING to +0 cloak.
  1835 | D:3      | 1835 ||| READING scroll of identify.
  1835 | D:3      | 1835 ||| IDENTIFYING clear potion
  1836 | D:3      | 1836 ||| READING scroll labelled ZUAZOE CEDIEGG.
  1837 | D:3      | 1837 ||| READING 3 scrolls labelled CAIFUL HAUNG.
  1838 | D:3      | 1838 ||| READING scroll labelled ZOHOMI RINOJE.
  1839 | D:3      | 1839 ||| READING 3 scrolls labelled DAEFER RAKKA.
  1840 | D:3      | 1840 ||| READING scroll labelled FOUPTUE QIOGG.
  1840 | D:3      | 1840 ||| ENCHANTING +0 cloak.
  1841 | D:3      | 1841 ||| DROPPING 2 scrolls of poison.
  1842 | D:3      | 1842 ||| DROPPING 2 scrolls of fear.
  1843 | D:3      | 1843 ||| DROPPING potion of brilliance.
  1845 | D:3      | 1845 ||| Stepping ~*~*~tactically~*~*~ (cloud).
  1851 | D:3      | HP: 6/25 [poisoned by you (poison gas)]
  1959 | D:4      | Noticed Grinder
  1960 | D:4      | 1960 ||| ZAPPING wand of flame (24) at -4,1 (Grinder;
                  | floor).
  1962 | D:4      | 1962 ||| ZAPPING wand of flame (23) at -3,-1 (Grinder;
                  | floor).
  1964 | D:4      | 1964 ||| ZAPPING wand of flame (22) at -7,0 (Grinder;
                  | floor).
  1965 | D:4      | 1965 ||| ZAPPING wand of flame (21) at -4,0 (Grinder;
                  | floor).
  1966 | D:4      | 1966 ||| ZAPPING wand of flame (20) at -3,0 (Grinder;
                  | floor).
  1967 | D:4      | 1967 ||| ZAPPING wand of flame (19) at -3,0 (Grinder;
                  | floor).
  1968 | D:4      | 1968 ||| ZAPPING wand of flame (18) at -2,0 (Grinder;
                  | floor).
  1969 | D:4      | 1969 ||| ZAPPING wand of flame (17) at -1,0 (Grinder;
                  | floor).
  1970 | D:4      | 1970 ||| ZAPPING wand of flame (16) at -1,0 (Grinder;
                  | floor).
  1971 | D:4      | 1971 ||| ZAPPING wand of flame (15) at -4,0 (Grinder;
                  | floor).
  1971 | D:4      | Paralysed by Grinder for 3 turns
  1974 | D:4      | 1974 ||| ZAPPING wand of flame (14) at -3,0 (Grinder;
                  | floor).
  1975 | D:4      | 1975 ||| ZAPPING wand of flame (13) at -2,0 (Grinder;
                  | floor).
  1976 | D:4      | 1976 ||| ZAPPING wand of flame (12) at -1,0 (Grinder;
                  | floor).
  1977 | D:4      | 1977 ||| FLEEEEING.
  1978 | D:4      | 1978 ||| STAIRDANCE
  2004 | D:4      | 2004 ||| ZAPPING wand of flame (11) at -2,-1 (Grinder;
                  | floor).
  2005 | D:4      | 2005 ||| ZAPPING wand of flame (10) at -1,0 (Grinder;
                  | floor).
  2005 | D:4      | HP: 5/25 [Grinder (9)]
  2006 | D:4      | 2006 ||| READING scroll of teleportation.
  2006 | D:4      | Paralysed by Grinder for 5 turns
  2242 | D:4      | Noticed a centaur
  2245 | D:4      | Reached skill level 8 in Ranged Weapons
  2245 | D:4      | 2245 ||| ZAPPING wand of flame (9) at -4,0 (centaur;
                  | floor).
  2246 | D:4      | 2246 ||| ZAPPING wand of flame (8) at -4,0 (centaur;
                  | floor).
  2247 | D:4      | 2247 ||| ZAPPING wand of flame (7) at -4,0 (centaur;
                  | floor).
  2248 | D:4      | 2248 ||| ZAPPING wand of flame (6) at -4,0 (centaur;
                  | floor).
  2249 | D:4      | 2249 ||| ZAPPING wand of flame (5) at -3,0 (centaur;
                  | floor).
  2250 | D:4      | 2250 ||| ZAPPING wand of flame (4) at -2,0 (centaur;
                  | floor).
  2250 | D:4      | HP: 5/25 [centaur/arrow (10)]
  2251 | D:4      | 2251 ||| READING scroll of teleportation.
  2252 | D:4      | 2252 ||| ZAPPING wand of flame (3) at -2,0 (centaur;
                  | floor).
  2252 | D:4      | HP: 2/25 [centaur/arrow (4)]
  2253 | D:4      | 2253 ||| ZAPPING wand of flame (2) at -2,0 (centaur;
                  | floor).
  2253 | D:4      | Killed a centaur
  2254 | D:4      | Reached XP level 5. HP: 3/29 MP: 7/7
  2384 | D:4      | Noticed Edmund
  2385 | D:4      | 2385 ||| ZAPPING wand of mindburst (12) at 4,-3 (Edmund;
                  | floor).
  2386 | D:4      | 2386 ||| ZAPPING wand of mindburst (11) at 3,-3 (Edmund;
                  | floor).
  2387 | D:4      | 2387 ||| ZAPPING wand of mindburst (10) at 2,-2 (Edmund;
                  | floor).
  2388 | D:4      | 2388 ||| ZAPPING wand of mindburst (9) at 1,-1 (Edmund;
                  | floor).
  2389 | D:4      | 2389 ||| ZAPPING wand of mindburst (8) at 1,-1 (Edmund;
                  | floor).
  2389 | D:4      | Killed Edmund
  2390 | D:4      | Reached skill level 9 in Ranged Weapons
  2390 | D:4      | Reached XP level 6. HP: 34/34 MP: 8/8
  2704 | D:4      | 2704 ||| ZAPPING wand of mindburst (7) at -2,-7 (Grinder;
                  | floor).
  2705 | D:4      | 2705 ||| ZAPPING wand of mindburst (6) at -2,-6 (Grinder;
                  | floor).
  2709 | D:4      | 2709 ||| ZAPPING wand of mindburst (5) at -2,-7 (Grinder;
                  | floor).
  2709 | D:4      | Killed Grinder
  2710 | D:4      | Reached skill level 10 in Ranged Weapons
  2710 | D:4      | Reached XP level 7. HP: 40/40 MP: 9/9
  2774 | D:4      | Noticed Robin
  2787 | D:4      | HP: 7/40 [goblin/+0 club[Robin] (5)]
  2790 | D:4      | Slain by a goblin

Levels and vault maps discovered:
D:1:      sevenhm_arrival_forest_fort_large_3, layout_loops_ring, chequers_jeans
D:2:      layout_basic
D:3:      layout_rooms, grunt_gozag_statues,
          mainiacjoe_overflow_six_doors_small, eat_drink_and_be_merry_uskayaw,
          ebering_ecumenical_altar_ruins
D:4:      layout_basic, uniq_robin, uniq_edmund, uniq_grinder

Skill      XL: |  1  2  3  4  5  6 |
---------------+-------------------+-----
Ranged Weapons | 6 7 8 9 10 | 10.9
Fighting       | 2 |  2.5
Dodging        | |  2.5
Stealth        | |  1.2

Action                     |  1- 3 |  4- 6 |  7- 9 || total
---------------------------+-------+-------+-------++-------
   Fire: Shortbow          |   132 |    81 |    23 ||   236
  Evoke: Wand              |       |    31 |       ||    31
    Use: Scroll            |     4 |     8 |       ||    12
 Armour: Leather armour    |    20 |       |       ||    20
         Ring mail         |     4 |    21 |    35 ||    60
  Dodge: Dodged            |    27 |    17 |    23 ||    67

Table legend:
 A = Non-vault XP
 B = Vault XP
 C = Vault XP percentage of total XP
 D = Non-vault monster count
 E = Vault monster count
 F = Vault count percentage of total count
                 A         B        C        D         E       F
            +---------+---------+-------+---------+---------+-------
      Total |     392 |     450 |  53.4 |      65 |       9 |  12.2
            +---------+---------+-------+---------+---------+-------
        D:1 |      44 |       0 |   0.0 |      26 |       0 |   0.0
        D:2 |      30 |       0 |   0.0 |       9 |       0 |   0.0
        D:3 |      62 |       0 |   0.0 |      18 |       0 |   0.0
        D:4 |     256 |     450 |  63.7 |      12 |       9 |  42.9
            +---------+---------+-------+---------+---------+-------
